 Dungeon Crawl Stone Soup version 0.27.1-33-g824d729ab1 (webtiles) character file.

Game seed: 8843127747413324314

63 Nixze the Insei (level 4, -2/31 HPs)
             Began as an Octopode Transmuter on Dec 7, 2021.
             Slain by an orc (4 damage)
             ... on level 3 of the Dungeon.
             The game lasted 00:03:26 (2137 turns).

Nixze the Insei (Octopode Transmuter)               Turns: 2137, Time: 00:03:26

Health: -2/31      AC:  1    Str: 10    XL:     4   Next: 9%
Magic:  7/7        EV: 13    Int: 15    God:
Gold:   83         SH:  0    Dex: 12    Spells: 3/7 levels left

rFire    + . .     SeeInvis .     - Unarmed
rCold    . . .     Faith    .   (no shield)
rNeg     . . .     Spirit   .   (helmet currently unavailable)
rPois    .         Reflect  .   (no amulet)
rElec    .         Harm     .   e - ring of protection from fire
rCorr    .         Rampage  .   (no ring)
Will     .....                  (no ring)
Stlth    ++........             (no ring)
HPRegen  0.10/turn              (no ring)
MPRegen  0.10/turn              (no ring)
                                (no ring)
                                (no ring)

@: appendages (expiring)
A: tentacle spike 3, almost no armour, amphibious, 8 rings, camouflage 1,
gelatinous body 1, (nimble swimmer 1), tentacles
a: End Transformation


You were on level 3 of the Dungeon.
One of your tentacles had grown a beastly spike.
You visited 1 branch of the dungeon, and saw 3 of its levels.

You collected 83 gold pieces.

Inventory:

Hand Weapons
 g - a +0 short sword
Missiles
 f - 51 stones (quivered)
 l - 20 poisoned darts
Jewellery
 e - a ring of protection from fire (left tentacle)
Scrolls
 a - a scroll of identify {unknown}
 b - a scroll of amnesia {unknown}
 c - a scroll of enchant armour {unknown}
 i - 2 scrolls of fear {unknown}
 k - a scroll of teleportation {unknown}
Potions
 d - a potion of brilliance {unknown}
 h - a potion of might {unknown}
 j - a potion of lignification {unknown}


   Skills:
 - Level 3.0 Fighting
 - Level 2.0 Dodging
 - Level 3.0 Unarmed Combat
 + Level 2.3 Spellcasting
 + Level 2.3 Transmutations
 + Level 1.3 Poison Magic


You had 3 spell levels left.
You knew the following spells:

 Your Spells              Type           Power      Damage    Failure   Level
a - Beastly Appendage     Tmut           16%        N/A       9%          1
b - Spider Form           Tmut/Pois      3%         N/A       30%         3

Your spell library contained the following spells:

 Spells                   Type           Power      Damage    Failure   Level
 Wereblood                Tmut           8%         N/A       12%         2
 Animate Skeleton         Necr           2%         N/A       22%         1
 Pain                     Necr           4%         1d4       22%         1
 Summon Small Mammal      Summ           4%         N/A       22%         1
 Static Discharge         Conj/Air       1%         N/A       32%         2
 Call Canine Familiar     Summ           1%         N/A       54%         3
 Summon Guardian Golem    Hex/Summ       1%         N/A       54%         3
 Vampiric Draining        Necr           0%         2d6       54%         3
 Ice Form                 Ice/Tmut       5%         N/A       78%         4
 Dispel Undead            Necr           1%         3d6       91%         4
 Sticky Flame             Conj/Fire      1%         2d3       91%         4


Dungeon Overview and Level Annotations

Branches:
Dungeon (3/15)

Altars:


Innate Abilities, Weirdness & Mutations

One of your tentacles has grown a beastly spike.
You cannot wear most types of armour.
You are amphibious.
You can wear up to eight rings at the same time.
Your skin changes colour to match your surroundings (Stealth+).
Your rubbery body absorbs attacks. (AC +1, EV +1)
((You are camouflaged near water. (Stealth+)))
You have tentacles for arms and can constrict up to eight enemies at once.


Message History

The orc wizard casts a spell at you. The magic dart hits you.
You see here 8 gold pieces.
Your transformation is almost over.
You barely miss the orc wizard.
The orc shouts!
Your grab misses the orc wizard.
The orc wizard mumbles some strange words.
The orc wizard flickers and vanishes!
Deactivating autopickup; reactivate with Ctrl-A.
You tentacle-slap the orc wizard. Your grab misses the orc wizard.
You pierce the orc wizard, but do no damage.
The orc wizard is lightly wounded.
You hear some strange, mumbled words.
A puff of flame appears from out of thin air!
The puff of flame hits you. You resist.
The orc wizard hits you with a +0 dagger.
You barely miss the orc wizard. You grab the orc wizard.
The orc wizard is lightly wounded.
You constrict the orc wizard, but do no damage.
Something hits you. The orc wizard closely misses you.
You tentacle-slap the orc wizard. You squeeze the orc wizard.
The orc wizard is heavily wounded.
You constrict the orc wizard. The orc closely misses you. Something hits you.
The orc wizard hits you with a +0 dagger.
You are too injured to fight recklessly!
You are too injured to fight recklessly!
You closely miss something. Your squeeze misses something.
You constrict the orc wizard. The orc barely misses you. Something hits you.
* * * LOW HITPOINT WARNING * * *
The orc wizard hits you with a +0 dagger.
* * * LOW HITPOINT WARNING * * *
You barely miss something. You constrict the orc wizard.
The orc barely misses you. Something hits you.
* * * LOW HITPOINT WARNING * * *
The orc wizard hits you with a +0 dagger.
* * * LOW HITPOINT WARNING * * *
You miss something.
You pierce something.
You constrict the orc wizard. The orc hits you with a +0 club.
You die...

..# #.# #.# ...
#.# #.#
##..#######.######
......o@..$......#
##....o{...#####.#
....#####..#
#.####### #..
#...# #........ #
##..# #.#######
##.#####....#
.###........#.###
..................
.#####.##'#######.


You could see an orc wizard and an orc.

Vanquished Creatures
  2 adders (D:2)
  A dart slug (D:2)
  2 endoplasms
  3 giant cockroaches
  5 goblins
  5 hobgoblins
  3 jackals (D:2)
  A quokka (D:2)
  2 ball pythons (D:1)
  2 bats
  6 frilled lizards
  4 kobolds
  5 rats (D:1)
41 creatures vanquished.

Notes
Turn   | Place    | Note
-------+----------+-------------------------------------------
     0 | D:1      | Nixze the Octopode Transmuter began the quest for the Orb.
     0 | D:1      | Reached XP level 1. HP: 13/13 MP: 3/3
   406 | D:1      | Reached XP level 2. HP: 19/19 MP: 3/5
   878 | D:1      | Reached XP level 3. HP: 23/25 MP: 2/6
   968 | D:1      | Learned a level 3 spell: Spider Form
  1496 | D:2      | Found a faded altar of an unknown god.
  1525 | D:2      | Reached skill level 1 in Poison Magic
  1837 | D:2      | Reached XP level 4. HP: 31/31 MP: 0/7
  2137 | D:3      | Slain by an orc

Illustrated notes

Levels and vault maps discovered:
D:1:      dpeg_arrival_court, layout_rooms, chequers_serial_rivers_micro_c,
          minmay_misc_feat_doors
D:2:      layout_rooms, hellmonk_ecumenical_altar_leap_of_faith, nrook_campfire,
          st_stairs_2, chequers_serial_rivers_room_a, minmay_misc_feat_alley,
          chequers_jeans, kennysheep_crisscross
D:3:      layout_loops_ring, minivault_25

Skill      XL: |  1  2  3 |
---------------+----------+-----
Fighting       | 2 3 |  3.0
Poison Magic   | 1 |  1.3
Dodging        | |  2.0
Unarmed Combat | |  3.0
Spellcasting   | |  2.3
Transmutations | |  2.3

Action                   |  1- 3 |  4- 6 || total
-------------------------+-------+-------++-------
Melee: Unarmed           |    86 |    10 ||    96
       Tentacles         |    11 |     1 ||    12
       Constrict         |    21 |     1 ||    22
       Kick              |    18 |     2 ||    20
       Punch             |     1 |       ||     1
Throw: Stone             |    15 |       ||    15
 Cast: Beastly Appendage |    20 |     1 ||    21
       Spider Form       |     2 |       ||     2
 Stab: Sleeping          |     3 |       ||     3
Armor: Skin              |     7 |     2 ||     9
Dodge: Dodged            |    69 |    10 ||    79
